 Dungeon Crawl Stone Soup version 0.29.1-12-g30fa7ad0bf (webtiles) character file.

Game seed: 393652509820489804

163 fantasyman the Shield-Bearer (level 5, 0/43 HPs)
             Began as a Formicid Fighter on Jan 5, 2023.
             Slain by a water moccasin (4 damage)
             ... in a sewer.
             The game lasted 00:04:45 (2482 turns).

fantasyman the Shield-Bearer (Formicid Fighter)     Turns: 2482, Time: 00:04:46

Health: 0/43       AC: 11    Str: 22 (23) XL:     5   Next: 72%
Magic:  5/5        EV:  7    Int:  6 (7)  God:
Gold:   64         SH:  5    Dex: 12 (13) Spells: 4/4 levels left

rFire   . . .      SeeInvis +   a - +0 war axe
rCold   . . .      Faith    .   c - +0 buckler
rNeg    . . .      Spirit   .   p - +0 chain mail
rPois   .          Reflect  .   (helmet unavailable)
rElec   .          Harm     .   f - +1 cloak
rCorr   .          Rampage  .   (no gloves)
Will    .....                   (no boots)
Stlth   ..........              (no amulet)
HPRegen 0.14/turn               (no ring)
MPRegen 0.09/turn               (no ring)

@: lethally poisoned (0 -> -5), flying, invisible
A: permanent stasis, dig shafts and tunnels, antennae 3, four strong arms,
camouflage 1, mutation resistance 1
a: Dig


You were in a sewer.
You visited 1 branch of the dungeon, and saw 4 of its levels.
You also visited: Sewer.

You collected 176 gold pieces.
You spent 112 gold pieces at shops.

Inventory:

Hand Weapons
 a - a +0 war axe (weapon)
Armour
 c - a +0 buckler (worn)
 f - a +1 cloak (worn)
 p - a +0 chain mail (worn)
Scrolls
 h - 3 scrolls of teleportation
 o - a scroll of amnesia
 q - a scroll of identify
Potions
 b - a potion of magic
 d - 2 potions of might
 e - a potion of brilliance
 g - 2 potions of lignification
 i - a potion of curing {unknown}
 j - a potion of attraction
 k - a potion of berserk rage {unknown}
 l - 2 potions of cancellation
 m - 2 potions of haste
 n - a potion of degeneration


   Skills:
 * Level 4.3 Fighting
 * Level 3.7 Axes
 * Level 4.3 Armour
 * Level 0.3 Stealth
 - Level 4.3 Shields


You had 4 spell levels left.
You didn't know any spells.
Your spell library contained the following spells:

 Spells                   Type           Power      Damage    Failure   Level
 Necrotise                Necr           0%         1d4       99%         1
 Conjure Flame            Conj/Fire      0%         6-21      100%        3
 Ignite Poison            Fire/Tmut/Pois 0%         N/A       100%        3
 Vampiric Draining        Necr           0%         2d6       100%        3
 Sticky Flame             Conj/Fire      0%         2d3       100%        4
 Agony                    Necr           0%         N/A       100%        5
 Manifold Assault         Tloc           0%         N/A       100%        5
 Storm Form               Tmut/Air       0%         N/A       100%        7
 Blink                    Tloc           Unusable   N/A       N/A         2

Dungeon Overview and Level Annotations

Branches:
Dungeon (4/15)              Sewer (1/1)
 Temple: D:4-7

Altars:

Shops:
D:3 !


Innate Abilities, Weirdness & Mutations

You cannot be hasted, slowed, berserked, paralysed or teleported.
You can dig through walls and to a lower floor.
You have a pair of large antennae on your head. (SInv)
Your four strong arms can wield two-handed weapons with a shield.
Your skin changes colour to match your surroundings (Stealth+).
You are somewhat resistant to further mutation.


Message History

The water moccasin bites you but does no damage.
The water moccasin barely misses you.
You slash the water moccasin!
The water moccasin is heavily wounded.
You feel sick.
The water moccasin bites you but does no damage.
The water moccasin bites you.
You are lethally poisoned!
The water moccasin poisons you!
You feel very mighty all of a sudden.
You feel very sick.
The water moccasin bites you but does no damage.
You miss the water moccasin.
The water moccasin is moderately wounded.
* * * LOW HITPOINT WARNING * * *
You feel very sick. You block the water moccasin's attack.
The water moccasin barely misses you.
It was a potion of cancellation.
Your magical effects are unravelling.
You feel magically purged.
You feel a little less mighty now.
* * * LOW HITPOINT WARNING * * *
You feel very sick.
The water moccasin bites you but does no damage. x2
It was a potion of degeneration.
There was something very wrong with that liquid.
You feel weakened.
You feel dopey.
You feel clumsy.
* * * LOW HITPOINT WARNING * * *
You feel sick. You block the water moccasin's attack.
Unknown command.
It was a potion of invisibility.
You fade into invisibility!
* * * LOW HITPOINT WARNING * * *
You feel sick. You block the water moccasin's attack.
It was a potion of flight.
You feel very buoyant.
You fly up into the air.
* * * LOW HITPOINT WARNING * * *
You feel sick. The water moccasin bites you.
You die...

##...## ##.## #.#
#.# #.# ### #.#
.... #.# .....
#######.####.....$
∩.........@S.....)
############.....$
..... .... ###


You could see a water moccasin (unable to see you).

Vanquished Creatures
  Natasha (thrice) (D:2)
  2 adders
  2 worms
  A dart slug (D:1)
  An orc (D:3)
  4 endoplasms
  2 giant cockroaches
  3 goblins
  A hobgoblin (D:2)
  3 jackals (D:2)
  4 kobolds
  7 quokkas
  11 ball pythons
  9 bats
  5 frilled lizards
  8 rats
66 creatures vanquished.

Notes
Turn   | Place    | Note
-------+----------+-------------------------------------------
     0 | D:1      | fantasyman the Formicid Fighter began the quest for the
                  | Orb.
     0 | D:1      | Reached XP level 1. HP: 18/18 MP: 1/1
    26 | D:1      | Reached XP level 2. HP: 24/24 MP: 2/2
    28 | D:1      | You fall into a shaft and drop 1 floor!
   220 | D:2      | Reached XP level 3. HP: 30/30 MP: 3/3
   765 | D:2      | Noticed Natasha
   769 | D:2      | Killed Natasha
   770 | D:2      | Reached XP level 4. HP: 37/37 MP: 4/4
   958 | D:2      | Noticed Natasha
   961 | D:2      | Killed Natasha
  1007 | D:2      | Noticed Natasha
  1018 | D:2      | Killed Natasha
  1019 | D:2      | Reached XP level 5. HP: 27/42 MP: 5/5
  2139 | D:3      | Found Xiokhliq's Distillery.
  2154 | D:3      | Bought a potion of mutation for 112 gold pieces
  2154 | D:3      | Gained mutation: Your skin changes colour to match your
                  | surroundings (Stealth+). [potion of mutation]
  2154 | D:3      | Gained mutation: You are somewhat resistant to further
                  | mutation. [potion of mutation]
  2427 | D:4      | Found a glowing drain.
  2438 | Sewer    | Entered a sewer
  2469 | Sewer    | Noticed a water moccasin
  2482 | Sewer    | Slain by a water moccasin

Illustrated notes

Levels and vault maps discovered:
D:1:      shiori_shiawase, layout_rooms
D:2:      layout_basic, uniq_natasha
D:3:      layout_rooms, serial_shops, nicolae_shop_waterfront
D:4:      layout_cave_pools, gup_sewer_entry_bubbles
Sewer:    sewer_big_baddie

Skill      XL: |  1  2  3  4 |
---------------+-------------+-----
Fighting       | 4 |  4.3
Axes           | 3 |  3.7
Armour         | 4 |  4.3
Stealth        | |  0.3
Shields        | |  4.3

Action                   |  1- 3 |  4- 6 || total
-------------------------+-------+-------++-------
Melee: War axe           |    63 |   105 ||   168
  Use: Scroll            |       |     9 ||     9
       Potion            |       |     6 ||     6
Armor: Scale mail        |    36 |    23 ||    59
       Chain mail        |       |    37 ||    37
Dodge: Dodged            |    39 |    35 ||    74
Block: Buckler           |    16 |    34 ||    50
